[Event "Titled Tuesday Blitz May 23 Late 2023"]
[White "Maksimovic, Bojan"]
[Black "Filipascu"]
[WhiteFideId "14408120"]
[WhiteElo "2468"]
[BlackElo "2561"]
[Result "1-0"]
[Round "03"]
[TimeControl "180+2"]
[Date "2023.05.23"]
[WhiteClock "0:01:06"]
[BlackClock "0:00:02"]

1. Nf3 d5 2. g3 Nf6 3. Bg2 c6 4. O-O Bf5 5. d3 h6 6. Nbd2 Nbd7 7. Re1 Bh7 8. e4 dxe4 9. dxe4 e5 10. a4 Be7 11. a5 O-O 12. Nc4 Qc7 13. Nfd2 b5 14. axb6 axb6 15. Rxa8 Rxa8 16. Ne3 b5 17. Nf5 Bxf5 18. exf5 Rd8 19. Qf3 Nb8 20. Ne4 Nxe4 21. Qxe4 Bf6 22. Be3 c5 23. h4 c4 24. Ra1 Nd7 25. Ra7 Qd6 26. Qd5 Qxd5 27. Bxd5 Nf8 28. Bxf7+ Kh7 29. h5 e4 30. c3 Rb8 31. Rc7 Be5 32. Re7 Bf6 33. Rxe4 b4 34. Rxc4 bxc3 35. bxc3 Nd7 36. Bd4 Ne5 37. Bxe5 Bxe5 38. Rc6 Rf8 39. Bg6+ Kg8 40. c4 Rd8 41. Re6 Bd4 42. Kg2 Kf8 43. f4 Rc8 44. Kf3 Bf6 45. Ke2 Rd8 46. c5 Be7 47. c6 Rc8 48. Kd3 Rd8+ 49. Kc4 Rd1 50. Kb5 Rb1+ 51. Ka6 Ra1+ 52. Kb7 Rb1+ 53. Kc8 Rc1 54. c7 Rd1 55. f6 gxf6 56. Kb7 1-0


[Site "https://www.chess.com"]

[Event "Titled Tuesday Blitz May 23 Late 2023"]
[White "Wadsworth, Matthew J"]
[Black "Hambleton, Aman"]
[WhiteFideId "415804"]
[BlackFideId "2606577"]
[WhiteElo "2347"]
[BlackElo "2511"]
[Result "0-1"]
[Round "03"]
[TimeControl "180+2"]
[Date "2023.05.23"]
[WhiteClock "0:00:00"]
[BlackClock "0:00:03"]

1. c4 c5 2. g3 Nf6 3. Bg2 e6 4. Nf3 a6 5. O-O Qc7 6. Nc3 d6 7. b3 b6 8. d4 cxd4 9. Qxd4 Bb7 10. a4 Be7 11. a5 bxa5 12. Be3 Nbd7 13. Ra2 O-O 14. Rfa1 Nc5 15. Qd1 Rab8 16. Bxc5 Qxc5 17. Rxa5 Qb4 18. Qc2 Rfc8 19. Nd2 d5 20. R5a4 Qb6 21. cxd5 exd5 22. Qd3 Rd8 23. e3 g6 24. Ne2 Bb4 25. Nd4 a5 26. R4a2 Ba6 0-1


[Site "https://www.chess.com"]

[Event "Titled Tuesday Blitz May 23 Late 2023"]
[White "Bryakin, Mikhail"]
[Black "ATM622"]
[WhiteFideId "4165314"]
[WhiteElo "2467"]
[BlackElo "2559"]
[Result "0-1"]
[Round "03"]
[TimeControl "180+2"]
[Date "2023.05.23"]
[WhiteClock "0:00:28"]
[BlackClock "0:00:11"]

1. e4 c6 2. Nc3 d5 3. Nf3 dxe4 4. Nxe4 Nf6 5. Qe2 Nxe4 6. Qxe4 Nd7 7. d4 Nf6 8. Qh4 g6 9. Bh6 Bxh6 10. Qxh6 Qb6 11. O-O-O Bf5 12. Ne5 Be6 13. a3 O-O-O 14. Qe3 Nd5 15. Qf3 Qc7 16. Bc4 f6 17. Nd3 h5 18. h3 Kb8 19. Rhe1 Bc8 20. Nc5 e5 21. dxe5 fxe5 22. Bxd5 cxd5 23. Rxd5 Rhf8 24. Rxd8 Rxf3 25. Ne6 Qc6 26. gxf3 Qxe6 27. h4 Kc7 28. Rd3 Bd7 29. f4 e4 30. Rde3 Bc6 31. f3 Qf5 32. fxe4 Qxf4 33. e5 Kd7 34. e6+ Ke7 35. b4 Qxh4 36. Kb2 Qf6+ 37. c3 h4 38. Kb3 g5 39. c4 g4 40. b5 Be8 41. R1e2 h3 42. a4 Qf4 43. Re4 Qf3+ 44. R4e3 Qf5 45. Kb4 b6 46. a5 Qc5+ 47. Kc3 bxa5 48. Re5 Qb4+ 49. Kd4 g3 50. Rg5 Qd6+ 51. Kc3 Qf4 52. Rg7+ Kf6 53. Rg8 Qf3+ 54. Kd2 Qf4+ 55. Kc3 Ke7 56. Rg7+ Kf8 57. Rh7 Qf6+ 58. Kb3 g2 59. Re1 Qf3+ 60. Ka4 Qf5 61. e7+ Kg8 62. Rh4 Qc2+ 63. Kxa5 Qc3+ 64. Ka6 Qxe1 65. Rg4+ Kf7 66. Kxa7 Qxe7+ 67. Ka6 Qe6+ 68. b6 Qxg4 69. c5 Qa4+ 70. Kb7 Bc6+ 71. Kb8 Qa8+ 72. Kc7 Qb7+ 73. Kd6 Qd7+ 74. Ke5 g1=Q 75. Kf4 Qgd4+ 76. Kg5 Q7g4+ 77. Kh6 Qh8# 0-1


[Site "https://www.chess.com"]

[Event "Titled Tuesday Blitz May 23 Late 2023"]
[White "Melian, Juan Sebastian"]
[Black "Gokerkan, Cem Kaan"]
[WhiteFideId "3706575"]
[BlackFideId "6336760"]
[WhiteElo "2092"]
[BlackElo "2365"]
[Result "1-0"]
[Round "03"]
[TimeControl "180+2"]
[Date "2023.05.23"]
[WhiteClock "0:00:06"]
[BlackClock "0:00:00"]

1. d4 Nf6 2. c4 e6 3. Nc3 d5 4. cxd5 exd5 5. Bg5 Be7 6. e3 h6 7. Bh4 Bg4 8. Qc2 O-O 9. Bd3 c5 10. Nge2 Nc6 11. a3 Bxe2 12. Nxe2 Qa5+ 13. Qd2 Qxd2+ 14. Kxd2 c4 15. Bc2 b5 16. Nc3 Rfd8 17. Bxf6 Bxf6 18. Nxb5 Rab8 19. Nc3 Rxb2 20. Rhb1 Rxb1 21. Rxb1 Be7 22. Ba4 Nb8 23. Nxd5 Bxa3 24. Nc3 a5 25. Rb7 Bb4 26. Kc2 Na6 27. Bb5 Nb8 28. Bxc4 Nd7 29. Nd5 Be1 30. Kd3 Bxf2 31. Ra7 Be1 32. Ke2 Bb4 33. Nxb4 axb4 34. Rb7 Nf6 35. Bxf7+ Kf8 36. Bc4 Re8 37. Kd3 Ng4 38. e4 Nf2+ 39. Kc2 Nxe4 40. Rf7+ Kg8 41. Re7+ Kf8 42. Rf7+ Kg8 43. Re7+ Kf8 44. Rxe8+ Kxe8 45. Kb3 Nd2+ 46. Kxb4 Ke7 47. Bd3 Kd6 48. Kc3 1-0


[Site "https://www.chess.com"]

[Event "Titled Tuesday Blitz May 23 Late 2023"]
[White "Hasangatin, Ramil"]
[Black "Musovic, Armin"]
[WhiteFideId "4122160"]
[BlackFideId "939935"]
[WhiteElo "2279"]
[BlackElo "2322"]
[Result "1-0"]
[Round "03"]
[TimeControl "180+2"]
[Date "2023.05.23"]
[WhiteClock "0:00:21"]
[BlackClock "0:00:08"]

1. e4 c6 2. Nf3 d5 3. d3 dxe4 4. dxe4 Qxd1+ 5. Kxd1 g6 6. c3 Nd7 7. Be2 h5 8. Be3 Bh6 9. Kd2 Ndf6 10. Bxh6 Nxh6 11. Kd3 Nhg4 12. Rf1 Be6 13. Nbd2 Nd7 14. Kc2 O-O-O 15. h3 Ngf6 16. Ng5 Nf8 17. Rad1 N6h7 18. Ndf3 Rxd1 19. Rxd1 Nxg5 20. Nxg5 f6 21. Nf3 Nd7 22. b4 Bf7 23. a4 Kc7 24. Nd2 g5 25. Bc4 Bxc4 26. Nxc4 Ne5 27. Nxe5 fxe5 28. Kd2 Rd8+ 29. Ke2 Rxd1 30. Kxd1 b5 31. a5 Kd6 32. Ke2 Ke6 33. Kf3 Kf6 34. Kg3 Kg6 35. h4 g4 36. f3 gxf3 37. Kxf3 Kh6 38. g4 Kg6 39. Kg3 a6 40. Kh3 Kh6 41. gxh5 Kxh5 42. Kg3 e6 43. Kh3 Kh6 44. Kg4 Kg6 45. h5+ Kh6 46. Kh4 Kh7 47. Kg5 Kg7 48. h6+ Kf7 49. Kh5 Kf6 50. h7 Kg7 51. h8=Q+ Kxh8 52. Kg6 Kg8 53. Kf6 Kh7 54. Kxe6 Kh6 55. Kxe5 Kg5 56. Kd6 Kf4 57. e5 Ke4 58. e6 Kd3 59. e7 Kxc3 60. Kc5 Kb3 61. e8=Q Ka4 62. Qxc6 1-0


[Site "https://www.chess.com"]

[Event "Titled Tuesday Blitz May 23 Late 2023"]
[White "Tatarinov, Dmitry"]
[Black "Guerra Tulcan, Lenin"]
[WhiteFideId "24160067"]
[BlackFideId "3601382"]
[WhiteElo "2326"]
[BlackElo "2368"]
[Result "1-0"]
[Round "03"]
[TimeControl "180+2"]
[Date "2023.05.23"]
[WhiteClock "0:00:34"]
[BlackClock "0:00:06"]

1. d4 Nf6 2. Nf3 c5 3. d5 d6 4. c4 b5 5. cxb5 a6 6. bxa6 Bxa6 7. Nc3 g6 8. g3 Bg7 9. Bg2 O-O 10. O-O Nbd7 11. Qc2 Nb6 12. Rd1 Bc8 13. b3 Bf5 14. Qb2 Nfxd5 15. Bd2 Nb4 16. Nh4 Rb8 17. Nxf5 gxf5 18. a3 N4d5 19. Qc2 Nxc3 20. Bxc3 e6 21. Bxg7 Kxg7 22. a4 Qc7 23. a5 Nd7 24. a6 d5 25. Ra4 Rb6 26. a7 Ra8 27. Rda1 Rb7 28. Qa2 Qb6 29. g4 Qxb3 30. Qd2 f4 31. Qxf4 Qb2 32. e4 Rb4 33. Qg5+ Kf8 34. exd5 Qd4 35. R4a2 Qxg4 36. Qxg4 Rxg4 37. dxe6 fxe6 38. Kf1 Rxg2 39. Kxg2 Ke7 40. Rb1 Kd6 41. Ra6+ Kc7 42. Kf3 c4 43. Ke3 c3 44. Ra3 Kd6 45. Rd1+ Ke7 46. Rc1 Nb6 47. Ke4 Nd5 48. Ke5 Nc7 49. Raxc3 Nb5 50. Rc7+ Nxc7 51. Rxc7+ Kd8 52. Rxh7 Kc8 53. Rh8+ Kb7 54. Rxa8 Kxa8 55. Kxe6 Kxa7 56. f4 Kb6 57. f5 1-0


[Site "https://www.chess.com"]

[Event "Titled Tuesday Blitz May 23 Late 2023"]
[White "Bruedigam, Martin"]
[Black "Williams, Simon K"]
[WhiteFideId "24608033"]
[BlackFideId "404454"]
[WhiteElo "2331"]
[BlackElo "2468"]
[Result "0-1"]
[Round "03"]
[TimeControl "180+2"]
[Date "2023.05.23"]
[WhiteClock "0:00:02"]
[BlackClock "0:01:04"]

1. d4 e6 2. c4 f5 3. Nc3 Nf6 4. e3 Bb4 5. Bd3 b6 6. Ne2 Bb7 7. f3 O-O 8. O-O Bxc3 9. Nxc3 d6 10. b4 Nbd7 11. Bb2 Qe7 12. a3 g6 13. Qd2 e5 14. d5 h5 15. e4 f4 16. Rfc1 g5 17. Na4 g4 18. c5 bxc5 19. bxc5 dxc5 20. Rab1 Kh8 21. Kh1 Rg8 22. Rxc5 Nxc5 23. Nxc5 Bc8 24. Qc3 Rg5 25. Be2 Kh7 26. Nd3 Ba6 27. Nxf4 Bxe2 28. Nxe2 gxf3 29. gxf3 Rag8 30. Ng3 Qg7 31. Rc1 h4 32. Ne2 Rg2 33. Ng3 0-1


[Site "https://www.chess.com"]

[Event "Titled Tuesday Blitz May 23 Late 2023"]
[White "Papasimakopoulos, Alexandros"]
[Black "ArrestingPieces"]
[WhiteFideId "4244125"]
[WhiteElo "2359"]
[BlackElo "2480"]
[Result "1-0"]
[Round "03"]
[TimeControl "180+2"]
[Date "2023.05.23"]
[WhiteClock "0:00:44"]
[BlackClock "0:00:23"]

1. d4 Nf6 2. c4 e6 3. Nc3 d5 4. cxd5 exd5 5. Bg5 Be7 6. e3 O-O 7. Bd3 c5 8. Nf3 Nc6 9. O-O h6 10. Bh4 cxd4 11. Nxd4 Ne4 12. Bxe7 Nxc3 13. Bxd8 Nxd1 14. Rfxd1 Rxd8 15. Bb5 Nxd4 16. Rxd4 Be6 17. Rad1 Rdc8 18. Ba4 Rc5 19. Bb3 Rac8 20. h3 Rc1 21. Kf1 Rxd1+ 22. Rxd1 Rc5 23. Ke2 Kf8 24. Kd2 Ke7 25. f4 f6 26. g4 g5 27. Kd3 Bf7 28. Kd4 b6 29. Re1 Bg6 30. Bxd5 Rc2 31. f5 Bf7 32. Bxf7 Kxf7 33. Rb1 Ke7 34. a4 Rd2+ 35. Ke4 Rh2 36. Rc1 Rxh3 37. Rc7+ Kd6 38. Rf7 Rg3 39. Rxf6+ Ke7 40. Rxh6 Rxg4+ 41. Ke5 Rxa4 42. Rh7+ Kd8 43. f6 Ra1 44. Rh8+ 1-0


[Site "https://www.chess.com"]

[Event "Titled Tuesday Blitz May 23 Late 2023"]
[White "Balla, Tamas-Kristof"]
[Black "Csonka, Balazs"]
[WhiteFideId "1208497"]
[BlackFideId "742910"]
[WhiteElo "2334"]
[BlackElo "2404"]
[Result "1-0"]
[Round "03"]
[TimeControl "180+2"]
[Date "2023.05.23"]
[WhiteClock "0:00:51"]
[BlackClock "0:00:00"]

1. d4 d5 2. Nf3 e6 3. g3 Nf6 4. Bg2 Be7 5. O-O O-O 6. c4 dxc4 7. Qc2 c6 8. Qxc4 b5 9. Qc2 Bb7 10. Rd1 Nbd7 11. e4 c5 12. e5 Nd5 13. Nc3 Qb6 14. Nxd5 Bxd5 15. Be3 Rac8 16. Rac1 a5 17. Ng5 Bxg5 18. Bxg5 Bxg2 19. Kxg2 Qb7+ 20. f3 cxd4 21. Qe2 h6 22. Be7 Rxc1 23. Rxc1 Rc8 24. Rxc8+ Qxc8 25. Qxb5 Qc2+ 26. Kg1 Qc1+ 27. Kg2 Qd2+ 28. Kh3 Qe2 29. Qxd7 d3 30. Qe8+ Kh7 31. Qxf7 Qf1+ 32. Kg4 d2 33. Bf6 Qc4+ 34. Kh3 Qf1+ 35. Kg4 Qc4+ 36. f4 Qe2+ 37. Kh4 1-0


[Site "https://www.chess.com"]

[Event "Titled Tuesday Blitz May 23 Late 2023"]
[White "Mujumdar, Sameer"]
[Black "Dimitrov, Atanas"]
[WhiteFideId "2029707"]
[BlackFideId "2901315"]
[WhiteElo "2104"]
[BlackElo "2714"]
[Result "1/2-1/2"]
[Round "03"]
[TimeControl "180+2"]
[Date "2023.05.23"]
[WhiteClock "0:01:22"]
[BlackClock "0:01:29"]

1. d4 Nf6 2. Nf3 g6 3. c4 Bg7 4. Nc3 d5 5. cxd5 Nxd5 6. e4 Nxc3 7. bxc3 O-O 8. Bc4 c5 9. O-O cxd4 10. cxd4 Nc6 11. Be3 Bg4 12. d5 Bxf3 13. gxf3 Ne5 14. Be2 Rc8 15. Qb3 Qd7 16. Kg2 a6 17. a4 Kh8 18. Rab1 Rc7 19. Bb6 Rcc8 20. Bd4 Rc7 21. Bb6 Rcc8 22. Bd4 Rc7 23. Bb6 1/2-1/2


[Site "https://www.chess.com"]

[Event "Titled Tuesday Blitz May 23 Late 2023"]
[White "Lima, Kleyton Alcantara"]
[Black "Klekowski, Maciej"]
[WhiteFideId "22718397"]
[BlackFideId "1132717"]
[WhiteElo "2009"]
[BlackElo "2540"]
[Result "0-1"]
[Round "03"]
[TimeControl "180+2"]
[Date "2023.05.23"]
[WhiteClock "0:00:01"]
[BlackClock "0:00:42"]

1. e4 c5 2. Nf3 Nc6 3. d4 cxd4 4. Nxd4 e6 5. Nc3 a6 6. Nxc6 bxc6 7. Bd3 d5 8. O-O Nf6 9. e5 Nd7 10. Re1 Qc7 11. Qe2 g6 12. b3 Bg7 13. f4 O-O 14. Ba3 c5 15. Na4 f6 16. exf6 Rxf6 17. Bb2 d4 18. g3 Bb7 19. Be4 e5 20. Bxb7 Qxb7 21. Qe4 Qxe4 22. Rxe4 exf4 23. Rf1 fxg3 24. hxg3 Rxf1+ 25. Kxf1 Kf7 26. Ke2 Rc8 27. c3 dxc3 28. Bxc3 Bxc3 29. Nxc3 Nf6 30. Re5 h5 31. Kf3 Ng4 32. Re4 Rd8 33. Ke2 Nf6 34. Ra4 Rd6 35. Ra5 Re6+ 36. Kf3 Rc6 37. Ne4 Nd7 38. Kf4 Ke6 39. Ra4 Ne5 40. Ng5+ Kd5 41. Ra5 Rf6+ 42. Ke3 Nc6 43. Rxa6 Rf5 44. Ne4 Re5 45. Kf3 Nd4+ 46. Kf2 Rxe4 47. Rxg6 Re2+ 48. Kf1 Rxa2 49. Rg5+ Kc6 50. Rxh5 Nxb3 51. Ke1 Rg2 52. Rg5 Nd2 53. Kd1 Kb5 54. Rg8 Kb4 55. Re8 Nf3 56. Re4+ c4 57. g4 Rd2+ 58. Kc1 Rd4 59. Re8 Rxg4 60. Rb8+ Kc3 61. Kb1 Nd2+ 62. Ka2 Rg6 63. Ra8 Kc2 64. Rc8 Ra6# 0-1


[Site "https://www.chess.com"]

[Event "Titled Tuesday Blitz May 23 Late 2023"]
[White "Arnold, Ken"]
[Black "Sun, Rick"]
[WhiteFideId "2056836"]
[BlackFideId "30909481"]
[WhiteElo "2405"]
[BlackElo "2169"]
[Result "1/2-1/2"]
[Round "03"]
[TimeControl "180+2"]
[Date "2023.05.23"]
[WhiteClock "0:00:08"]
[BlackClock "0:00:13"]

1. d4 d6 2. c4 Nf6 3. Nf3 g6 4. Nc3 Bg7 5. Bg5 O-O 6. e3 Nbd7 7. Be2 c5 8. O-O a6 9. Qc2 Rb8 10. Rac1 Re8 11. Rfd1 Qa5 12. Bxf6 Nxf6 13. dxc5 Qxc5 14. b3 Bd7 15. Nd5 Nxd5 16. cxd5 Rec8 17. Qxc5 dxc5 18. a4 b5 19. axb5 axb5 20. e4 Ra8 21. h3 Ra2 22. Bf1 Rb2 23. Rb1 Ra2 24. e5 Bf5 25. Ra1 Rb2 26. Bxb5 Rxb3 27. Bc4 Rxf3 28. gxf3 Bxe5 29. Ra7 Bd6 30. Kg2 Rb8 31. Bd3 Rb3 32. Bxf5 gxf5 33. Ra8+ Kg7 34. Rc8 Rb2 35. Kf1 Kf6 36. Re1 Rb3 37. Rd1 Rxf3 38. Kg2 Rb3 39. Rh8 Kg7 40. Rc8 Rb4 41. Kf3 Rb3+ 42. Ke2 f4 43. Rg1+ Kf6 44. h4 f3+ 45. Kd2 Bf4+ 46. Kc2 Rb5 47. Rc6+ e6 48. dxe6 fxe6 49. Rg4 Kf5 50. Rg7 Ra5 51. Rxh7 Ra2+ 52. Kd3 Rd2+ 53. Kc3 Rxf2 54. Rf7+ Ke5 55. Rxc5+ Kd6 56. Rh5 Be5+ 57. Kd3 Rf1 58. Rh8 Rd1+ 59. Kc2 Rf1 60. Rhf8 Rf2+ 61. Kd3 Rh2 62. Rxf3 Rxh4 63. Rd8+ Ke7 64. Ra8 Rd4+ 65. Ke2 Rd7 66. Ra2 Bd4 67. Rd2 e5 68. Rh3 Ke6 69. Rh5 Kd5 70. Kd3 Rg7 71. Re2 Rg3+ 72. Kc2 Rg4 73. Reh2 Rg3 74. R5h3 Rg1 75. Rh5 Rg8 76. Rh8 Rg3 77. R8h3 Rg6 78. Rh6 Rg4 79. R6h4 Rg1 80. Rh5 Ra1 81. Kd3 Ra3+ 82. Kc2 Ra2+ 83. Kd3 Ra4 84. Rh1 Ra3+ 85. Kc2 Ra2+ 86. Kb3 Rg2 87. R5h2 Rg3+ 88. Ka4 Rc3 89. Rb2 Rc4+ 90. Rb4 Rc5 91. Rhb1 Rc7 92. Rb5+ Ke4 93. R1b4 Ra7+ 94. Kb3 Rd7 95. Kc2 Ke3 96. Kb3 Rc7 97. Rd5 Rc3+ 98. Ka4 Rc1 99. Kb5 Rc8 100. Rc4 Rb8+ 101. Ka4 Ke4 102. Rb5 Ra8+ 103. Kb3 Rh8 104. Rbb4 Rh3+ 105. Ka4 Kd3 106. Kb5 Rh5 107. Kc6 Rh6+ 108. Kd7 Rh4 109. Ke6 Rh6+ 110. Kf5 Rh8 111. Ke6 Re8+ 112. Kd5 Rd8+ 113. Ke6 Rh8 114. Kf5 Rh1 115. Ra4 Rf1+ 116. Ke6 Ke4 117. Kd6 Rh1 1/2-1/2


[Site "https://www.chess.com"]

[Event "Titled Tuesday Blitz May 23 Late 2023"]
[White "Andreikin, Dmitry"]
[Black "Moral Garcia, Serafin"]
[WhiteFideId "4158814"]
[BlackFideId "2201925"]
[WhiteElo "2736"]
[BlackElo "2274"]
[Result "1-0"]
[Round "03"]
[TimeControl "180+2"]
[Date "2023.05.23"]
[WhiteClock "0:00:59"]
[BlackClock "0:00:24"]

1. e4 e5 2. f4 d5 3. exd5 exf4 4. Nf3 Nf6 5. Bc4 Nxd5 6. O-O Be6 7. Bxd5 Bxd5 8. Nc3 Be6 9. d4 c6 10. Bxf4 Bd6 11. Bxd6 Qxd6 12. Ng5 O-O 13. Nce4 Qd5 14. c4 Qxc4 15. Rc1 Qd5 16. Rc5 Qd8 17. Qh5 h6 18. Nf6+ Kh8 19. d5 cxd5 20. Nxe6 fxe6 21. Qg6 Rxf6 22. Rxf6 Nd7 23. Rf7 1-0


[Site "https://www.chess.com"]

[Event "Titled Tuesday Blitz May 23 Late 2023"]
[White "Martinez Alcantara, Jose Eduardo"]
[Black "Liu, Casper"]
[WhiteFideId "3805662"]
[BlackFideId "1454153"]
[WhiteElo "2711"]
[BlackElo "2221"]
[Result "1-0"]
[Round "03"]
[TimeControl "180+2"]
[Date "2023.05.23"]
[WhiteClock "0:00:33"]
[BlackClock "0:00:14"]

1. e4 c5 2. Nf3 d6 3. Bb5+ Nd7 4. c3 a6 5. Ba4 b5 6. Bc2 e5 7. d4 Ngf6 8. O-O Be7 9. Qe2 O-O 10. a4 b4 11. dxe5 dxe5 12. Nbd2 Qc7 13. a5 Bb7 14. Nc4 Rad8 15. Bg5 h6 16. Bxf6 Bxf6 17. Rfd1 Rfe8 18. Ba4 Re7 19. Rd6 Nf8 20. Rxd8 Qxd8 21. Rd1 Qc7 22. Nb6 Ne6 23. g3 Nd8 24. Nd2 Nc6 25. Nd5 Qxa5 26. Bxc6 Bxc6 27. Nc4 Qa2 28. Nxe7+ Bxe7 29. Nxe5 Ba4 30. Rc1 Bf6 31. f4 Bxe5 32. fxe5 Qe6 33. cxb4 cxb4 34. Qf2 Qxe5 35. Rc8+ Kh7 36. Qf5+ Qxf5 37. exf5 Bd7 38. Ra8 Bxf5 39. Rxa6 b3 40. Kf2 Be6 41. Ke3 h5 42. Kf4 Kg6 43. Ra5 Kh6 44. Ra8 g6 45. Ke5 Kg7 46. Ra7 Kh6 47. Kf6 Kh7 48. h4 Bc4 49. Rxf7+ Bxf7 50. Kxf7 Kh6 51. Kg8 g5 52. Kf7 gxh4 53. gxh4 Kh7 54. Kf6 Kh6 55. Kf5 Kg7 56. Kg5 Kh7 57. Kxh5 Kg7 58. Kg5 Kh7 59. Kf5 Kh6 60. Ke5 Kh5 61. Kd4 Kxh4 62. Kc4 Kg5 63. Kxb3 Kf6 64. Ka4 Ke7 65. b4 Kd7 66. Ka5 Kc7 67. Ka6 Kb8 68. Kb6 Ka8 69. Kc7 Ka7 70. b5 Ka8 71. Kb6 Kb8 72. Ka6 Ka8 73. b6 Kb8 74. b7 Kc7 75. Ka7 1-0


[Site "https://www.chess.com"]

[Event "Titled Tuesday Blitz May 23 Late 2023"]
[White "Deviprasath, Sharvesh"]
[Black "Dardha, Daniel"]
[WhiteFideId "30938228"]
[BlackFideId "240990"]
[WhiteElo "2168"]
[BlackElo "2581"]
[Result "0-1"]
[Round "03"]
[TimeControl "180+2"]
[Date "2023.05.23"]
[WhiteClock "0:00:01"]
[BlackClock "0:00:12"]

1. b3 g5 2. Bb2 Nf6 3. h3 d5 4. h4 g4 5. g3 Nc6 6. Bg2 e5 7. d3 h5 8. Nd2 Bc5 9. e3 d4 10. e4 Be7 11. a4 Be6 12. Nf1 a6 13. f3 Bb4+ 14. Kf2 gxf3 15. Bxf3 Ng4+ 16. Kg2 Rg8 17. Nh3 f6 18. Qe2 Qd7 19. Nf2 O-O-O 20. Rd1 Ne7 21. Bxg4 hxg4 22. Bc1 Rdf8 23. Bd2 Bd6 24. h5 f5 25. exf5 Nxf5 26. Ne4 Bd5 27. Kg1 Be7 28. h6 Nd6 29. Nxd6+ Bxd6 30. Rh5 Bf3 31. Qe1 Qf7 32. Rh2 e4 33. dxe4 Bc5 34. Bb4 Bxb4 35. Rxd4 Bxe1 36. Rd3 Bxe4 37. Re3 0-1


[Site "https://www.chess.com"]

[Event "Titled Tuesday Blitz May 23 Late 2023"]
[White "Zhigalko, Sergei"]
[Black "Ognean, Mihnea-Ionut"]
[WhiteFideId "13502956"]
[BlackFideId "1232347"]
[WhiteElo "2626"]
[BlackElo "2215"]
[Result "1-0"]
[Round "03"]
[TimeControl "180+2"]
[Date "2023.05.23"]
[WhiteClock "0:00:06"]
[BlackClock "0:00:01"]

1. e4 c6 2. d4 d5 3. e5 Bf5 4. Nf3 e6 5. Be2 Ne7 6. O-O h6 7. Nbd2 Nd7 8. a4 Qc7 9. a5 g5 10. Nb3 Bg7 11. Bd2 f6 12. exf6 Bxf6 13. Bb4 O-O-O 14. Nc5 Nf8 15. Bd3 g4 16. Ne5 Bxe5 17. dxe5 h5 18. a6 b6 19. Nb7 c5 20. Nxd8 Kxd8 21. Bd2 Nfg6 22. Bg5 Kc8 23. Ra3 Bxd3 24. Rxd3 Nf5 25. Re1 Rg8 26. c4 d4 27. Qe2 Qc6 28. Qe4 Kd7 29. f3 Qxe4 30. Rxe4 Nxe5 31. Rxe5 Rxg5 32. Kf2 Rg6 33. g3 gxf3 34. Rxf3 Kd6 35. Re4 Ne3 36. Rexe3 dxe3+ 37. Kxe3 Rg4 38. Rf4 Ke5 39. Rf7 Rxc4 40. Rxa7 Rb4 41. Ra8 Rb3+ 42. Kd2 Rxb2+ 43. Kc3 Ra2 44. Kc4 Ra5 45. h3 Kd6 46. g4 hxg4 47. hxg4 Kc7 48. g5 Ra4+ 49. Kc3 Rg4 50. Rg8 Ra4 51. a7 Kb7 52. a8=Q+ Rxa8 53. Rxa8 Kxa8 54. g6 1-0


[Site "https://www.chess.com"]

[Event "Titled Tuesday Blitz May 23 Late 2023"]
[White "Grigoriants, Sergey"]
[Black "Koc, Przemyslaw"]
[WhiteFideId "4130804"]
[BlackFideId "1109081"]
[WhiteElo "2502"]
[BlackElo "2161"]
[Result "1-0"]
[Round "03"]
[TimeControl "180+2"]
[Date "2023.05.23"]
[WhiteClock "0:00:44"]
[BlackClock "0:00:00"]

1. d4 d6 2. e4 Nf6 3. f3 e5 4. Ne2 Be7 5. Nbc3 O-O 6. Be3 c6 7. a4 a5 8. Ng3 Re8 9. Be2 Bf8 10. O-O Nbd7 11. Qd2 Qc7 12. Rad1 d5 13. exd5 Nxd5 14. Nxd5 cxd5 15. Bb5 g6 16. dxe5 Qxe5 17. Bd4 Qc7 18. Kh1 Rd8 19. Nf5 Nc5 20. Nh6+ Bxh6 21. Qxh6 Ne6 22. Bf6 Bd7 23. f4 Bxb5 24. axb5 Qxc2 25. Rde1 Qd3 26. f5 gxf5 27. Rf3 Qc2 28. Rg3+ 1-0


[Site "https://www.chess.com"]

[Event "Titled Tuesday Blitz May 23 Late 2023"]
[White "Moroni, Luca Jr"]
[Black "Toropov, Pavel"]
[WhiteFideId "865834"]
[BlackFideId "24129178"]
[WhiteElo "2569"]
[BlackElo "2182"]
[Result "1-0"]
[Round "03"]
[TimeControl "180+2"]
[Date "2023.05.23"]
[WhiteClock "0:00:44"]
[BlackClock "0:00:14"]

1. e4 e6 2. Qg4 Nf6 3. Qe2 c5 4. Nf3 Be7 5. d3 d5 6. Nbd2 Nc6 7. g3 O-O 8. Bg2 b5 9. O-O Bb7 10. Re1 a5 11. e5 Nd7 12. Nf1 Qc7 13. Bf4 Rfc8 14. h4 Qd8 15. N1h2 Ra6 16. h5 h6 17. Ng4 b4 18. Nfh2 Bf8 19. Qd2 a4 20. Bxh6 gxh6 21. Nxh6+ Bxh6 22. Qxh6 Qf8 23. Qf4 Qg7 24. Ng4 Nd4 25. Rac1 a3 26. b3 Nf5 27. c4 bxc3 28. Rxc3 Rb6 29. Rcc1 Rb4 30. Be4 dxe4 31. dxe4 Nd4 32. Rc3 Nc6 33. Nf6+ Nxf6 34. exf6 Qf8 35. g4 Rd8 36. g5 Qd6 37. Qh4 Ne5 38. g6 Qd2 39. Ree3 Nf3+ 40. Rxf3 Qd1+ 41. Kh2 Bxe4 42. Qg5 fxg6 43. f7+ Kf8 44. Qh6+ Ke7 45. f8=Q+ Rxf8 46. Qxf8+ Kd7 47. Rf7+ Kc6 48. Qxc5# 1-0


[Site "https://www.chess.com"]

[Event "Titled Tuesday Blitz May 23 Late 2023"]
[White "Mahdavi, Reza"]
[Black "Dragomirescu, Robin-Alexandru"]
[WhiteFideId "12595926"]
[BlackFideId "1213849"]
[WhiteElo "2352"]
[BlackElo "2356"]
[Result "0-1"]
[Round "03"]
[TimeControl "180+2"]
[Date "2023.05.23"]
[WhiteClock "0:00:03"]
[BlackClock "0:00:08"]

1. e4 c5 2. Nf3 Nc6 3. Bb5 g6 4. O-O Nf6 5. Re1 Bg7 6. e5 Nd5 7. Nc3 Nc7 8. Bxc6 dxc6 9. Ne4 b6 10. d3 O-O 11. h3 Ne6 12. Be3 Nd4 13. Nxd4 cxd4 14. Bf4 c5 15. Qd2 Re8 16. Ng3 Qd5 17. Re2 Bb7 18. f3 c4 19. Kh2 Rac8 20. b3 cxd3 21. cxd3 Rc3 22. Ne4 Rc6 23. Nf2 Rec8 24. Rae1 a5 25. Ng4 h5 26. Nf2 Ba6 27. Bh6 Rc3 28. Bxg7 Kxg7 29. Re4 a4 30. Qf4 Rd8 31. e6 f6 32. Re5 Qd6 33. R5e4 Qxf4+ 34. Rxf4 Bxd3 35. Rd1 axb3 36. axb3 g5 37. Nxd3 gxf4 38. Nxf4 d3 39. Kg3 d2 40. Ne2 Rxb3 41. Kf2 b5 42. Ng3 Kg6 43. Ke2 Rb2 44. Ne4 b4 45. g4 hxg4 46. hxg4 f5 47. Nc5 fxg4 48. fxg4 Rc2 49. Nd3 b3 50. Ne5+ Kf6 51. Nd3 b2 52. Rf1+ Kg5 53. Rf5+ Kxg4 54. Rb5 Rxd3 55. Kd1 0-1


[Site "https://www.chess.com"]

[Event "Titled Tuesday Blitz May 23 Late 2023"]
[White "Mekhitarian, Krikor Sevag"]
[Black "Jimenez Almeida, Luis David"]
[WhiteFideId "2107660"]
[BlackFideId "22242244"]
[WhiteElo "2604"]
[BlackElo "2245"]
[Result "1-0"]
[Round "03"]
[TimeControl "180+2"]
[Date "2023.05.23"]
[WhiteClock "0:00:07"]
[BlackClock "0:00:00"]

1. Nf3 g6 2. c4 Bg7 3. e4 c5 4. d4 Nc6 5. d5 Nd4 6. Nc3 d6 7. h3 Nh6 8. Be3 Nxf3+ 9. Qxf3 O-O 10. Bd3 f5 11. exf5 Nxf5 12. O-O Nd4 13. Qd1 e5 14. dxe6 Bxe6 15. Rc1 Qh4 16. Be4 Bxc4 17. Bxb7 Rab8 18. Bd5+ Bxd5 19. Nxd5 Rxb2 20. Rb1 Rxb1 21. Qxb1 Kh8 22. Qd3 Nf5 23. Bf4 Bd4 24. Qf3 Ne7 25. Be5+ Kg8 26. Nxe7+ Qxe7 27. Qd5+ Qf7 28. Qxd6 Bxe5 29. Qxe5 c4 30. Qd4 a5 31. a4 Rc8 32. Rc1 Qe6 33. g3 Rc7 34. Qd8+ 1-0


[Site "https://www.chess.com"]

[Event "Titled Tuesday Blitz May 23 Late 2023"]
[White "Panesar Vedant"]
[Black "Goncalves, Davi Sulzbacher"]
[WhiteFideId "35033018"]
[BlackFideId "2154510"]
[WhiteElo "2347"]
[BlackElo "2182"]
[Result "1-0"]
[Round "03"]
[TimeControl "180+2"]
[Date "2023.05.23"]
[WhiteClock "0:01:42"]
[BlackClock "0:00:17"]

1. e4 c5 2. Nf3 Nc6 3. d4 cxd4 4. Nxd4 Nf6 5. Nc3 e5 6. Ndb5 d6 7. Nd5 Nxd5 8. exd5 Nb8 9. a4 Be7 10. Be2 O-O 11. O-O f5 12. f4 a6 13. Na3 Nd7 14. Nc4 Bf6 15. Kh1 Qc7 16. a5 exf4 17. Bxf4 Ne5 18. Bxe5 Bxe5 19. Nxe5 dxe5 20. d6 Qc6 21. Ra3 Rf6 22. Rc3 Qd7 23. Bc4+ Kf8 24. Qd5 Qe6 25. Qxe6 Bxe6 26. Bxe6 Rxe6 27. Rxf5+ Ke8 28. h3 Rd8 29. Rc7 Rd7 30. Rc8+ Rd8 31. Rf8+ Kxf8 32. Rxd8+ Re8 33. Rxe8+ Kxe8 34. c4 Kd7 35. c5 1-0


[Site "https://www.chess.com"]